 Dungeon Crawl Stone Soup version 0.18.1-5-g4a78601 (webtiles) character file.

390 LORDOFBUTT the Ruffian (level 6, -2/47 HPs)
             Began as a Demonspawn Berserker on May 10, 2016.
             Was a Priest of Trog.
             Slain by a phantom (7 damage)
             ... on level 4 of the Dungeon.
             The game lasted 00:04:04 (3417 turns).

LORDOFBUTT the Ruffian (Demonspawn Berserker)       Turns: 3417, Time: 00:04:05

Health: -2/47      AC:  7    Str: 17    XL:     6   Next: 50%
Magic:  6/6        EV: 14    Int: 10    God:    Trog [***...]
Gold:   131        SH:  0    Dex: 15    Spells: 0 memorised, 5 levels left

rFire  . . .     SeeInvis .       - Unarmed
rCold  . . .     Gourm    .     a - +0 animal skin
rNeg   . . .     Faith    .     (no shield)
rPois  .         Spirit   .     (no helmet)
rElec  .         Dismiss  .     (no cloak)
rCorr  .         Reflect  .     (no gloves)
SustAt .         Harm     .     f - +0 pair of boots
MR     .....                    (no amulet)
Stlth  ++........               (no ring)
                                e - +2 ring of intelligence

@: exhausted, slowed, very slow, not resistant to hostile enchantments,
unstealthy
A: hooves 1, iridescent scales 1
a: Berserk, Trog's Hand, Burn Spellbooks, Renounce Religion


You were on level 4 of the Dungeon.
You worshipped Trog.
Trog was most pleased with you.
You were not hungry.

You visited 1 branch of the dungeon, and saw 4 of its levels.

You collected 131 gold pieces.

Inventory:

Armour
 a - a +0 animal skin (worn)
 f - a +0 pair of boots (worn)
Jewellery
 e - a +2 ring of intelligence (left hand)
 s - an uncursed ring of see invisible {unknown}
Scrolls
 c - a scroll of amnesia {unknown}
 d - a scroll of fog {unknown}
 h - 2 scrolls of teleportation {unknown}
 i - a scroll of immolation {unknown}
 j - 3 scrolls of identify {unknown}
 l - a scroll of remove curse {unknown}
 p - a scroll of enchant weapon {unknown}
Potions
 g - 3 potions of curing {unknown}
 k - a potion of agility {unknown}
 m - 5 potions of heal wounds {unknown}
 n - 2 potions of lignification {unknown}
 o - a potion of ambrosia {unknown}
 q - a potion of cancellation {unknown}
 r - 3 potions of brilliance {unknown}
Comestibles
 b - 3 bread rations


   Skills:
 - Level 3.0 Fighting
 - Level 1.8 Armour
 + Level 4.6 Dodging
 - Level 1.2 Stealth
 + Level 4.8 Unarmed Combat


You had 5 spell levels left.
You didn't know any spells.

Dungeon Overview and Level Annotations

Branches:
Dungeon (4/15)
 Temple: D:4-7

Altars:
Elyvilon
Makhleb
Zin


Innate Abilities, Weirdness & Mutations

You have large cloven feet.
You are partially covered in iridescent scales (AC +4).


Message History

The phantom is almost destroyed.
The phantom closely misses you. The phantom barely misses you.
You hit the phantom but do no damage.
The phantom is almost destroyed.
The phantom hits you.
* * * LOW HITPOINT WARNING * * *
You are too injured to fight recklessly!
You are too injured to fight recklessly!
You are too injured to fight recklessly!
You closely miss the phantom.
The phantom is severely damaged.
The phantom hits you!
* * * LOW HITPOINT WARNING * * *
The phantom blinks!
Found 14 arrows.
The phantom barely misses you.
You hit the phantom.
The phantom is almost destroyed.
The phantom barely misses you. The phantom hits you!
You die...

######## #.....)##
.[......## ........>#
########## .........#
#........# .........#
#........# .........#
#........####
.........###...W......(.
<....^..##......@.....#
.........#.#...?......#
.........#.#.........##
...[.....#)#########..#
.........#.# .#
.........#.# #
........##.#
#..........#
##..###...##


You could see a phantom.

Vanquished Creatures
  Sigmund (D:3)
  An orc wizard (D:3)
  9 adders
  An ooze (D:1)
  3 worms
  2 dart slugs (D:2)
  4 giant geckos
  6 orcs
  3 giant cockroaches
  11 goblins
  7 hobgoblins
  4 jackals (D:3)
  7 kobolds
  4 quokkas
  A ball python (D:2)
  8 bats
  4 giant newts
  6 rats
82 creatures vanquished.

Notes
Turn   | Place    | Note
--------------------------------------------------------------
     0 | D:1      | LORDOFBUTT the Demonspawn Berserker began the quest for the Orb.
     0 | D:1      | Reached XP level 1. HP: 18/18 MP: 1/1
   208 | D:1      | Gained mutation: You are partially covered in iridescent scales (AC +4). [demonic ancestry]
   208 | D:1      | Reached XP level 2. HP: 1/24 MP: 2/2
  1263 | D:2      | Reached XP level 3. HP: 24/29 MP: 3/3
  1284 | D:2      | Reached ** piety under Trog
  1635 | D:2      | Reached XP level 4. HP: 27/35 MP: 4/4
  1710 | D:2      | Found a glowing silver altar of Zin.
  1711 | D:2      | Noticed an angel
  1986 | D:2      | Found a burning altar of Makhleb.
  2299 | D:3      | Noticed Sigmund
  2311 | D:3      | Killed Sigmund
  2311 | D:3      | Reached skill level 1 in Stealth
  2311 | D:3      | Gained mutation: You have large cloven feet. [demonic ancestry]
  2311 | D:3      | Reached XP level 5. HP: 41/41 MP: 5/5
  2311 | D:3      | Reached XP level 6. HP: 47/47 MP: 6/6
  2578 | D:3      | Found a white marble altar of Elyvilon.
  2915 | D:3      | Reached *** piety under Trog
  3417 | D:4      | Slain by a phantom

Skill      XL: |  1  2  3  4 |
---------------+-------------+-----
Dodging        | 2 4 |  4.6
Unarmed Combat | 3 4 |  4.8
Stealth        | 1 |  1.2
Fighting       | |  3.0
Armour         | |  1.8

Action                   |  1- 3 |  4- 6 || total
-------------------------+-------+-------++-------
Melee: Unarmed           |   147 |   236 ||   383
       Punch             |     1 |     1 ||     2
Invok: Berserk           |     1 |     2 ||     3
 Stab: Sleeping          |       |     1 ||     1
  Eat: Beef jerky        |     1 |       ||     1
       Chunk             |     2 |       ||     2
       Bread ration      |       |     2 ||     2
Armor: Animal skin       |    77 |    61 ||   138
Dodge: Dodged            |   135 |   162 ||   297
